AoeStats
← from-the-river-to-the-sea

Arabia

510710582Analyzed
1v1 RM · 17h ago on Oct 2, 2026· 15m 3s· 2 players
Game mode
Random Map
Map size
Tiny (2 player)
Population
200
Speed
Normal
Resources
Standard
Victory
Conquest
Starting age
Dark Age
Ending age
Imperial Age
RankedLock teamsTeams togetherTeam positionsShared explorationLock speedFull tech treeHidden civsTurbo modeCheats
Victory
Defeat
1018
+18
🇳🇱 Teutons · Netherlands
1055
-18
from-the-river-to-the-sea
9:25 Feudal Age
9:28 Man-at-Arms
9:57 Double-Bit Axe
10:33 Gold Mining
11:05 Loom
11:19 Horse Collar
15:20 Wheelbarrow
15:03 Loom
CaptnMyke
10:40 Feudal Age
11:52 Man-at-Arms
Connection lost

Rejoining the realm…

Still unreachable

The connection could not be restored.

Session expired

The server has moved on; the page needs a fresh start.